 Dungeon Crawl Stone Soup version 0.32-a0-18-g89e19f1974 (webtiles) character file.

Game seed: 18432172785464739297

133 Monkooky the Grave Robber (level 4, -2/30 HPs)
             Began as a Mummy Necromancer on Jan 16, 2024.
             Was a High Priest of Ignis.
             Killed by divine providence
             ... invoked by an orc priest
              (16 damage)
             ... on level 3 of the Dungeon.
             The game lasted 00:04:02 (1966 turns).

Monkooky the Grave Robber (Mummy Necromancer)       Turns: 1966, Time: 00:04:03

Health: -2/30      AC: 12    Str: 11    XL:     4   Next: 93%
Magic:  7/10       EV: 12    Int: 16    God:    Ignis [*****.]
Gold:   160        SH:  0    Dex: 18    Spells: 8/12 levels left

rFire   . . .        g - +1 flail (protect)
rCold   + . .        (no shield)
rNeg    + + +        a - +0 robe
rPois   ∞            (no helmet)
rElec   .            f - +1 cloak
rCorr   .            (no gloves)
SInv    .            c - +0 pair of boots
Will    .....        j - amulet of magic regeneration
Stlth   ++           e - +6 ring of dexterity
HPRegen 0.25/turn    (no ring)
MPRegen 0.52/turn

%: faith
@: under a protective aura
A: cold resistance 1, negative energy resistance 3, torment resistance 2, heat
vulnerability 1, in touch with death 1, no potions, faith
a: Renounce Religion, Fiery Armour, Foxfire Swarm, Rising Flame


You were on level 3 of the Dungeon.
You worshipped Ignis.
Ignis was extremely pleased with you.
You visited 1 branch of the dungeon, and saw 5 of its levels.

You collected 160 gold pieces.

Inventory:

Hand Weapons
 b - a +0 whip
 g - a +1 flail of protection (weapon)
Armour
 a - a +0 robe (worn)
 c - a +0 pair of boots (worn)
 f - a +1 cloak (worn)
Jewellery
 e - a +6 ring of dexterity (left hand)
 j - an amulet of magic regeneration (around neck)
 n - a +5 ring of evasion
Scrolls
 d - 2 scrolls of brand weapon {unknown}
 h - 4 scrolls of identify {unknown}
 i - a scroll of enchant armour {unknown}
 k - a scroll of immolation {unknown}
 l - a scroll of fog {unknown}
 m - a scroll of teleportation {unknown}


   Skills:
 - Level 1.5 Dodging
 - Level 1.5 Stealth
 + Level 4.9 Spellcasting
 + Level 5.2 Necromancy


You had 8 spell levels left.
You knew the following spells:

 Your Spells              Type           Power      Damage    Failure   Level
a - Necrotise             Necr           100%       1d9       1%          1
b - Vampiric Draining     Necr           31%        2d8       5%          3

Your spell library contained the following spells:

 Spells                   Type           Power      Damage    Failure   Level
 Sandblast                Erth           6%         2d5       16%         1
 Animate Dead             Necr           31%        N/A       19%         4
 Passwall                 Erth           3%         N/A       43%         3
 Stone Arrow              Conj/Erth      6%         3d7       43%         3
 Curse of Agony           Necr           31%        N/A       45%         5
 Brom's Barrelling Bould  Conj/Erth      3%         2d3       83%         4


Dungeon Overview and Level Annotations

Branches:
Dungeon (5/15)
 Temple: D:4-7

Altars:
Ignis

Annotations:
D:5 exclusion: scorpion


Innate Abilities, Weirdness & Mutations

You are immune to poison.
Your flesh is cold resistant. (rC+)
You are immune to negative energy. (rN+++)
You are immune to unholy pain and torment.
You are vulnerable to heat. (rF-)
You are in touch with the powers of death.
You do not drink.
You have a special connection with the divine. (Faith)


Message History

You now have 160 gold pieces (gained 6).
n - a +5 ring of evasion A rat comes into view.
A rat is nearby!
You feel a surge of power!
The rat squeaks loudly.
The rat writhes in agony.
You kill the rat!
The dead are walking!
You hear a shout!
An orc comes into view. It is wielding a +0 dagger.
An orc comes into view. It is wielding a +0 short sword.
There are monsters nearby!
An orc priest comes into view. It is wielding a +0 club.
The orc hits your rat skeleton with a +0 dagger.
Your rat skeleton bites the orc.
You swap places.
The orc hits you but does no damage.
The orc priest looks satisfied for a moment.
You closely miss the orc.
The orc is lightly wounded.
You completely miss the orc.
The orc priest calls upon Beogh to heal the orc.
The orc's wounds heal themselves!
The orc closely misses you.
You barely miss the orc. The orc hits you with a +0 short sword.
You hit the orc but do no damage.
Your weapon exudes an aura of protection.
The orc closely misses you. The orc hits you with a +0 short sword.
The orc priest mumbles some strange prayers to Beogh against you.
Beogh smites you!
Casting: Necrotise (safe; 1% risk of failure)
Confirm with . or Enter, or press ? or * to list all spells.
Aiming: Vampiric Draining (dangerous; 5% risk of failure)
Press: ? - help, Shift-Dir - straight line, f - orc
Aim: an orc, wielding a +0 short sword and wearing a +0 chain mail You feel a surge of power!
You draw life force from the orc.
You feel life coursing into your body.
The orc priest calls down the wrath of Beogh upon you.
Beogh smites you!
Ouch! That really hurt!
You die...

.##.#####.#.###.#.##
..#.#
#.....#....######.
....#
###.#.............
..### #.#...#..#####
.## #....###.# ##
###.#.#..# #.##Z#.#
#.##Z#.# #.##@#.#
#.##o#.# #o#.# #o#.#
..... ..# ###


You could see an orc priest, 2 orcs, a friendly ball python skeleton and a
friendly rat skeleton.

Vanquished Creatures
  A jelly (D:5)
  3 adders
  3 dart slugs
  A ribbon worm (D:2)
  An orc (D:2)
  4 ball pythons
  4 bats
  4 endoplasms
  3 giant cockroaches
  7 goblins
  5 hobgoblins
  3 quokkas
  4 kobolds
  8 rats
51 creatures vanquished.

Vanquished Creatures (collateral kills)
  An adder (D:2)
1 creature vanquished.

Grand Total: 52 creatures vanquished

Notes
Turn   | Place    | Note
-------+----------+-------------------------------------------
     0 | D:1      | Monkooky the Mummy Necromancer began the quest for the Orb.
     0 | D:1      | Reached XP level 1. HP: 13/13 MP: 4/4
   324 | D:1      | Reached XP level 2. HP: 19/19 MP: 4/6
   703 | D:1      | Found a faded altar of an unknown god.
   715 | D:1      | Prayed at the altar of an unknown god.
   715 | D:1      | Became a worshipper of Ignis, the Dying Flame
  1274 | D:2      | Reached XP level 3. HP: 24/24 MP: 5/8
  1287 | D:2      | Learned a level 3 spell: Vampiric Draining
  1592 | D:3      | Reached XP level 4. HP: 30/30 MP: 6/10
  1678 | D:3      | You fall into a shaft and drop 2 floors!
  1678 | D:5      | Entered Level 5 of the Dungeon
  1680 | D:5      | Noticed a scorpion
  1699 | D:5      | Reached skill level 5 in Necromancy
  1966 | D:3      | Killed from afar by an orc priest

Illustrated notes

Levels and vault maps discovered:
D:1:      dpeg_arrival_rhombi, layout_basic, basic_ecumenical_altar,
          nicolae_concentric_dashed_squares_mild
D:2:      minmay_chambers_of_twos, layout_basic
D:3:      layout_loops_ring, nzn_wu_jian_council_hall, uniq_crazy_yiuf_cottage
D:4:      layout_basic
D:5:      layout_loops_ring, uniq_sigmund

Skill      XL: |  1  2  3  4 |
---------------+-------------+-----
Spellcasting   | 3 4 |  4.9
Necromancy     | 5 |  5.2
Dodging        | |  1.5
Stealth        | |  1.5

Action                     |  1- 3 |  4- 6 || total
---------------------------+-------+-------++-------
  Melee: Flail             |    14 |    15 ||    29
   Cast: Necrotise         |    53 |    18 ||    71
         Vampiric Draining |     1 |     1 ||     2
   Stab: Distracted        |     1 |       ||     1
 Armour: Robe              |    17 |    12 ||    29
  Dodge: Dodged            |    15 |    12 ||    27

Table legend: (Time is in decaauts)
 A = Elapsed time spent in this place.
 B = Non-inter-level travel time spent in this place.
 C = Inter-level travel time spent in this place.
 D = Time resting spent in this place.
 E = Time spent auto-exploring this place.
 F = Levels seen in this place.
 G = Mean time per level.
                   A        B        C        D        E       F      G
               +--------+--------+--------+--------+--------+-----+--------+
         Total |   1974 |   1938 |     36 |      0 |   1610 |   5 |  394.8 |
       Dungeon |   1974 |   1938 |     36 |      0 |   1610 |   5 |  394.8 |
               +--------+--------+--------+--------+--------+-----+--------+

Top non-repeatable levels by time:
     D:1: 967 daAuts
     D:2: 593 daAuts
     D:3: 223 daAuts
     D:4: 156 daAuts
     D:5: 33 daAuts
